 Dungeon Crawl Stone Soup version 0.27.1-1-g398f81649c (webtiles) character file.

Game seed: 11284832454403303722

4463 jlumianski the Cleaver (level 10, 0/91 (92) HPs)
             Began as a Deep Dwarf Fighter on Sept 16, 2021.
             Was a Follower of Makhleb.
             Slain by a two-headed ogre (3 damage)
             ... on level 8 of the Dungeon.
             The game lasted 00:27:48 (5227 turns).

jlumianski the Cleaver (Deep Dwarf Fighter)         Turns: 5227, Time: 00:27:48

HP:   0/91 (92)     AC: 16    Str: 22    XL:     10   Next: 15%
MP:   10/10         EV: 11    Int:  7    God:    Makhleb [*.....]
Gold: 223           SH:  0    Dex: 12    Spells: 9/9 levels left

rFire    . . .     SeeInvis +   e - +8 executioner's axe of Untebb {elec, Contam rElec rPois Int-3}
rCold    . . .     Faith    .   (shield currently unavailable)
rNeg     . . .     Spirit   .   b - +0 scale mail
rPois    +         Reflect  .   (no helmet)
rElec    +         Harm     .   x - +0 cloak
rCorr    .         Rampage  .   o - +1 pair of gloves
Will     +....     Clarity  +   u - +0 pair of boots
Stlth    ..........             (no amulet)
HPRegen  0.00/turn              G - +4 ring of protection
MPRegen  0.12/turn              L - ring of see invisible

@: lightly drained
A: damage resistance, heal wounds, sense surroundings 2, no regeneration, see
invisible, clarity
a: Heal Wounds, Renounce Religion


You were on level 8 of the Dungeon.
You worshipped Makhleb.
Makhleb was aware of your devotion.
You visited 2 branches of the dungeon, and saw 10 of its levels.

You collected 301 gold pieces.
You spent 78 gold pieces at shops.

Inventory:

Hand Weapons
 a - a +0 war axe of draining
 e - the +8 executioner's axe of Untebb (weapon) {elec, Contam rElec rPois Int-3}
   (You acquired it on level 2 of the Dungeon)

   It occasionally discharges a powerful burst of electricity upon striking a
   foe.
   Int:       It affects your intelligence (-3).
   rElec:     It insulates you from electricity.
   rPois:     It protects you from poison.
   Contam:    It causes magical contamination when unequipped.
 n - a +0 dagger
 q - a +1 hunting sling
 w - a +3 hunting sling
 y - the +0 whip of Muniug {spect, Will+ Int+3}
   (You found it on level 4 of the Dungeon)

   When its wielder attacks, the weapon's spirit leaps out and strikes again.
   The spirit shares a part of any damage it takes with its wielder.
   Int:       It affects your intelligence (+3).
   Will:      It increases your willpower.
 F - a +0 short sword
 I - the +8 dagger "Huitsin" {elec, rF- rN++}
   (You found it on level 6 of the Dungeon)

   It occasionally discharges a powerful burst of electricity upon striking a
   foe.
   rF:        It makes you vulnerable to fire.
   rN:        It greatly protects you from negative energy.
 K - a +0 whip of flaming
Missiles
 f - 132 bolts
 l - 249 stones
 r - 32 poisoned darts (quivered)
 s - 8 boomerangs
 C - 45 sling bullets
Armour
 b - a +0 scale mail (worn)
 c - a +0 kite shield
 o - a +1 pair of gloves (worn)
 p - a +2 buckler
 u - a +0 pair of boots (worn)
 x - a +0 cloak (worn)
Magical Staves
 g - a staff of conjuration
 M - a staff of fire
Jewellery
 G - a +4 ring of protection (left hand)
 L - a ring of see invisible (right hand)
Wands
 v - a wand of acid (6)
 H - a wand of polymorph (6)
 N - a wand of flame (12)
 P - a wand of paralysis (4)
Scrolls
 t - a scroll of teleportation
 D - 2 scrolls of magic mapping
 J - a scroll of enchant armour
Potions
 d - 2 potions of might
 h - a potion of lignification
 i - a potion of haste
 j - a potion of degeneration
 k - a potion of flight
 m - 7 potions of heal wounds
 z - a potion of resistance
 A - a potion of attraction
 B - a potion of curing
 E - a potion of ambrosia
 O - a potion of mutation


   Skills:
 + Level 6.5 Fighting
 + Level 12.5 Axes
 + Level 7.1 Armour
 + Level 3.0 Dodging
 + Level 3.6 Shields


You had 9 spell levels left.
You didn't know any spells.
Your spell library contained the following spells:

 Spells                   Type           Power      Damage    Failure   Level
 Magic Dart               Conj           0%         1d3       73%         1
 Blink                    Tloc           N/A        N/A       86%         2
 Call Imp                 Summ           0%         N/A       86%         2
 Passwall                 Tmut/Erth      0%         N/A       86%         2
 Lesser Beckoning         Tloc           0%         N/A       97%         3
 Mephitic Cloud           Conj/Pois/Air  0%         N/A       97%         3
 Swiftness                Air            0%         N/A       97%         3
 Manifold Assault         Tloc           0%         N/A       100%        5
 Invisibility             Hex            0%         N/A       100%        6


Dungeon Overview and Level Annotations

Branches:
Dungeon (9/15)             Temple (1/1) D:5
   Lair: D:8-11         Orc: D:9-12

Altars:
Ashenzari
Cheibriados
Dithmenos
Elyvilon
Fedhas
Gozag
Hepliaklqana
Kikubaaqudgha
Makhleb
Nemelex Xobeh
Okawaru
Qazlal
Ru
Sif Muna
Trog
Uskayaw
Vehumet
Wu Jian
Xom
Yredelemnul
Zin
The Shining One

Shops:
D:2 *   D:4 *

Annotations:
D:5 Prince Ribbit


Innate Abilities, Weirdness & Mutations

You are resistant to damage.
You can heal yourself by infusing magical energy.
You passively map the area around you.
You do not regenerate.
You have supernaturally acute eyesight. (SInv)
You possess an exceptional clarity of mind.


Message History

Found a helmet.
Found a stone staircase leading down.
There is a stone staircase leading up here.
Throw: 36 darts (poison)
Press: ? - help, Q - select action, (/) - cycle Shift-Dir - straight line, f - two-headed ogre
Aim: a two-headed ogre, wielding two +0 giant clubs (75% to hit)
You throw a poisoned dart.
The poisoned dart hits the two-headed ogre.
The two-headed ogre is poisoned.
Throw: 35 darts (poison)
Press: ? - help, Q - select action, (/) - cycle Shift-Dir - straight line, f/p - two-headed ogre
Aim: a two-headed ogre, wielding two +0 giant clubs (lightly wounded, poisoned, 75% to hit)
You throw a poisoned dart.
The poisoned dart hits the two-headed ogre.
The two-headed ogre looks even sicker.
The two-headed ogre is lightly wounded.
Throw: 34 darts (poison)
Press: ? - help, Q - select action, (/) - cycle Shift-Dir - straight line, f/p - two-headed ogre
Aim: a two-headed ogre, wielding two +0 giant clubs (lightly wounded, very poisoned, 75% to hit)
You throw a poisoned dart.
The poisoned dart hits the two-headed ogre.
The two-headed ogre looks even sicker.
The two-headed ogre is lightly wounded.
Throw: 33 darts (poison)
Press: ? - help, Q - select action, (/) - cycle Shift-Dir - straight line, f/p - two-headed ogre
Aim: a two-headed ogre, wielding two +0 giant clubs (lightly wounded, very poisoned, 75% to hit)
You throw a poisoned dart.
The poisoned dart hits the two-headed ogre.
The two-headed ogre looks as sick as possible!
The two-headed ogre is lightly wounded.
The two-headed ogre hits you with a +0 giant club.
The two-headed ogre hits you with a +0 giant club!
* * * LOW HITPOINT WARNING * * *
You climb upwards.
There is a stone staircase leading down here.
You slice the two-headed ogre!!
The two-headed ogre is severely wounded.
The two-headed ogre hits you with a +0 giant club!!
* * * LOW HITPOINT WARNING * * *
The two-headed ogre hits you with a +0 giant club.
You die...

#.###### #.##...## #.# #.####..#
..### #.# ##.# ....# #.# #.#
###.#### ##.# #[# # #....# #..#
##)######### ###....###.###
#..........#
.............###..........#
###....#...#...O@.........#
#........#####..........#
#####..#.# #..........#
##.##.######################
#..##................#.....#
######.#############.....†.......
...>.............................
###.###############..............
....# #).............


You could see a two-headed ogre (very poisoned).

Vanquished Creatures
  Pikel (D:7)
  A cyclops (D:6)
  Grinder (D:5)
  A wyvern (D:7)
  4 water moccasins
  Duvessa (D:7)
  4 sky beasts
  An ice beast (D:5)
  An orc warrior (D:8)
  An ogre (D:6)
  2 black bears
  A phantom (D:7)
  3 lemures (D:7)
  2 kobold brigands
  A gnoll sergeant (D:7)
  5 scorpions
  4 bullfrogs
  Dowan (D:7)
  A water moccasin skeleton (D:5)
  8 wights
  3 bullfrog zombies (D:5)
  An orc priest (D:5)
  A hound (D:6)
  A jelly (D:7)
  A bullfrog skeleton (D:5)
  2 centaur skeletons (D:7)
  2 iguanas
  4 orc wizards
  A scorpion zombie (D:5)
  A killer bee zombie (D:7)
  4 gnolls
  A howler monkey skeleton (D:5)
  3 adders
  A shadow imp (D:8)
  4 ufetubi
  3 worms
  3 dart slugs
  15 orcs
  3 bats
  5 endoplasms (D:1)
  A giant cockroach (D:2)
  4 goblins
  11 hobgoblins
  3 jackals (D:3)
  2 quokkas
  4 ball pythons
  3 frilled lizards
  20 kobolds
  8 rats
159 creatures vanquished.

Notes
Turn   | Place    | Note
-------+----------+-------------------------------------------
     0 | D:1      | jlumianski the Deep Dwarf Fighter began the quest for the
                  | Orb.
     0 | D:1      | Reached XP level 1. HP: 20/20 MP: 1/1
   179 | D:2      | Reached XP level 2. HP: 25/27 MP: 2/2
   365 | D:1      | Found a faded altar of an unknown god.
   489 | D:1      | Reached skill level 3 in Axes
   966 | D:2      | Reached XP level 3. HP: 22/34 MP: 3/3
  1065 | D:2      | Identified a scroll of acquirement
  1065 | D:2      | Acquired the +8 executioner's axe of Untebb {elec, Contam
                  | rElec rPois Int-3}
  1248 | D:2      | Found Faabedos's General Store.
  1296 | D:2      | Bought 7 poisoned darts for 33 gold pieces
  1778 | D:3      | Reached XP level 4. HP: 33/42 MP: 4/4
  2097 | D:4      | Found Jybaat's Neck Hole.
  2106 | D:4      | Bought a +0 cloak for 45 gold pieces
  2148 | D:4      | Identified the +0 whip of Muniug {spect, Will+ Int+3}
  2471 | D:4      | Noticed a black bear
  2476 | D:4      | Killed a black bear
  2477 | D:4      | Reached skill level 4 in Axes
  2477 | D:4      | Reached XP level 5. HP: 39/49 MP: 5/5
  2542 | D:5      | Entered Level 5 of the Dungeon
  2548 | D:5      | Reached skill level 5 in Axes
  2556 | D:5      | Noticed a sky beast
  2566 | D:5      | Killed a sky beast
  2567 | D:5      | Reached XP level 6. HP: 41/56 MP: 6/6
  2608 | D:4      | Reached skill level 6 in Axes
  2705 | D:5      | Noticed an ice beast
  2710 | D:5      | Killed an ice beast
  2711 | D:5      | Reached skill level 1 in Dodging
  2711 | D:5      | Reached XP level 7. HP: 26/63 MP: 7/7
  2767 | D:5      | Found a stormy altar of Qazlal.
  2769 | D:5      | Found a glowing golden altar of the Shining One.
  2771 | D:5      | Found a bloodstained altar of Trog.
  2771 | D:5      | Found an opulent altar of Gozag.
  2771 | D:5      | Found an ancient bone altar of Kikubaaqudgha.
  2771 | D:5      | Found a shimmering blue altar of Sif Muna.
  2771 | D:5      | Found a snail-covered altar of Cheibriados.
  2772 | D:5      | Found an iron altar of Okawaru.
  2824 | D:5      | Reached skill level 7 in Axes
  2839 | D:5      | Found a staircase to the Ecumenical Temple.
  2844 | Temple   | Entered the Ecumenical Temple
  3083 | D:5      | Noticed Prince Ribbit
  3178 | D:5      | Noticed Grinder
  3187 | D:5      | Killed Grinder
  3188 | D:5      | Reached skill level 8 in Axes
  3188 | D:5      | Reached skill level 5 in Armour
  3429 | D:6      | Reached XP level 8. HP: 46/73 MP: 8/8
  3440 | D:6      | Reached skill level 9 in Axes
  3452 | D:6      | Noticed a cyclops
  3461 | D:6      | Killed a cyclops
  3462 | D:6      | Reached skill level 5 in Fighting
  3462 | D:6      | Reached skill level 10 in Axes
  3521 | D:6      | Identified the +8 dagger "Huitsin" {elec, rF- rN++}
  3553 | D:6      | Gained mutation: You passively map the area around you.
                  | [Deep Dwarf growth]
  3553 | D:6      | Reached XP level 9. HP: 27/81 MP: 9/9
  3841 | D:6      | Found a burning altar of Makhleb.
  3856 | D:6      | Became a worshipper of Makhleb the Destroyer
  3958 | D:7      | Noticed Duvessa
  3962 | D:7      | Killed Duvessa
  4163 | D:7      | Reached skill level 11 in Axes
  4224 | D:7      | Noticed Pikel
  4235 | D:7      | Killed Pikel
  4420 | D:7      | Noticed Dowan
  4426 | D:7      | Killed Dowan
  4426 | D:7      | Reached * piety under Makhleb
  4431 | D:7      | Gained mutation: You have supernaturally acute eyesight.
                  | (SInv) [potion of mutation]
  4431 | D:7      | Gained mutation: You possess an exceptional clarity of
                  | mind. [potion of mutation]
  4659 | D:7      | Reached skill level 12 in Axes
  4677 | D:7      | Reached XP level 10. HP: 48/90 MP: 10/10
  5220 | D:9      | Noticed a two-headed ogre
  5227 | D:8      | HP: 3/91 [two-headed ogre (23)]
  5227 | D:8      | Slain by a two-headed ogre

Illustrated notes

Levels and vault maps discovered:
D:1:      nzn_arrival_depleted_hourglass, layout_loops_corners,
          ebering_ecumenical_altar_sacrificial
D:2:      layout_loops_ring, serial_shops, shop, minmay_surrounded
D:3:      layout_basic
D:4:      black_bear_nest_1, layout_cave_pools,
          nicolae_shop_sticking_my_neck_out
D:5:      layout_cave_pods, grunt_temple_overflow_open, temple_doors_e,
          uniq_prince_ribbit1, uniq_grinder
D:6:      layout_basic, makhleb_heckhound_becter
D:7:      layout_loops_ring, sigmund_army, uniq_duvessa, uniq_pikel
D:8:      layout_rooms
D:9:      layout_rooms, minmay_fractal_squares_5
Temple:   cyrus_circular_temple

Skill      XL: |  1  2  3  4  5  6  7  8  9 10 |
---------------+-------------------------------+-----
Axes           | 3 4 5 6 8 10 12 | 12.5
Fighting       | 3 4 5 6 |  6.5
Armour         | 4 5 7 |  7.1
Dodging        | 1 2 3 |  3.0
Shields        | |  3.6

Action                   |  1- 3 |  4- 6 |  7- 9 | 10-12 || total
-------------------------+-------+-------+-------+-------++-------
Melee: War axe           |    94 |       |       |       ||    94
       Executioner's axe |    30 |    40 |   131 |    35 ||   236
Throw: Stone             |     5 |       |       |       ||     5
       Dart              |     1 |     4 |    10 |     4 ||    19
 Abil: Heal Wounds       |       |       |     7 |       ||     7
  Use: Scroll            |     4 |     6 |     5 |     2 ||    17
       Potion            |     1 |       |     4 |     1 ||     6
Armor: Scale mail        |    62 |    29 |   111 |    27 ||   229
Dodge: Dodged            |    54 |    20 |   106 |    21 ||   201
Block: Kite shield       |    43 |       |       |       ||    43
